 Dungeon Crawl Stone Soup version 0.31-a0-931-g7b59d4eb97 (webtiles) character file.

Game seed: 5832888001338356728

19 javelincjr the Poker (level 2, 0/23 HPs)
             Began as a Demonspawn Gladiator on Oct 19, 2023.
             Slain by a goblin
             ... wielding a +0 club
             ... led by Robin
              (5 damage)
             ... on level 2 of the Dungeon.
             The game lasted 00:01:25 (833 turns).

javelincjr the Poker (Demonspawn Gladiator)          Turns: 833, Time: 00:01:26

Health: 0/23       AC:  5    Str: 14    XL:     2   Next: 55%
Magic:  2/2        EV: 12    Int:  9    God:
Gold:   16         SH:  0    Dex: 14    Spells: 1/1 levels left

rFire   . . .        a - +0 trident
rCold   . . .        (no shield)
rNeg    . . .        b - +0 leather armour
rPois   .            c - +0 helmet
rElec   .            (no cloak)
rCorr   .            (no gloves)
SInv    .            (no boots)
Will    .....        (no amulet)
Stlth   +            g - ring of flight
HPRegen 0.23/turn    (no ring)
MPRegen 0.08/turn

%: no passive effects
@: flying
A: rugged brown scales 1
a: no special abilities


You were on level 2 of the Dungeon.
You visited 1 branch of the dungeon, and saw 2 of its levels.

You collected 16 gold pieces.

Inventory:

Hand Weapons
 a - a +0 trident (weapon)
Missiles
 d - 3 throwing nets (quivered)
 e - a javelin
Armour
 b - a +0 leather armour (worn)
 c - a +0 helmet (worn)
 f - a +0 chain mail
Jewellery
 g - a ring of flight (left hand)
Scrolls
 i - a scroll of identify {unknown}
 m - a scroll of amnesia {unknown}
Potions
 h - a potion of brilliance {unknown}
 j - 2 potions of might {unknown}
 k - a potion of mutation {unknown}
 l - a potion of lignification {unknown}
 n - a potion of curing {unknown}
 o - a potion of heal wounds {unknown}
 p - a potion of cancellation {unknown}


   Skills:
 * Level 2.4 Fighting
 + Level 2.9 Polearms
 + Level 2.0 Throwing
 + Level 0.2 Armour
 + Level 2.9 Dodging


You had one spell level left.
You didn't know any spells.
Your spell library was empty.

Dungeon Overview and Level Annotations

Branches:
Dungeon (2/15)

Altars:

Annotations:
D:2 Robin


Innate Abilities, Weirdness & Mutations

You are partially covered in rugged brown scales. (AC +1, +3% HP)


Message History

The goblin is severely wounded.
Robin throws the goblin at you! The goblin hits you but does no damage.
The goblin closely misses you. The goblin hits you but does no damage.
The goblin hits you with a +0 club. The goblin closely misses you.
The goblin hits you but does no damage.
You hit the goblin.
You kill the goblin!
The goblin barely misses you. The goblin hits you but does no damage.
You miss the goblin. The goblin misses you. The goblin hits you with a +0 club.
You hit the goblin.
The goblin is moderately wounded.
The goblin hits you with a +0 club. The goblin hits you but does no damage.
Robin throws the goblin at you!
You are too injured to fight recklessly!
You are too injured to fight recklessly!
You are too injured to fight recklessly!
You puncture the goblin!
You kill the goblin!
The goblin closely misses you. The goblin hits you with a +0 club.
Robin throws the goblin at you!
* * * LOW HITPOINT WARNING * * *
The goblin barely misses you.
You puncture the goblin!
You kill the goblin!
The goblin hits you but does no damage. The goblin misses you.
The goblin hits you with a +0 club.
* * * LOW HITPOINT WARNING * * *
The goblin barely misses you.
Items here: ))))) ††.
You hit the goblin.
The goblin is severely wounded.
The goblin hits you with a +0 club.
* * * LOW HITPOINT WARNING * * *
Robin throws the goblin at you!
You barely miss the goblin. The adder misses you.
The goblin completely misses you. The goblin barely misses you.
You puncture the goblin!
You kill the goblin!
The adder bites you but does no damage. The goblin hits you with a +0 club.
You die...

#.# #.# .#
##.### ...#
.... .#.>
#..# ###...
#..# #.. .
#.<# #.#.#
##..#####)#.#
#...##..@g..#
##..##.##S###
#.......g#
#.###.##.#
#.##..##.#
#.#.......
.......?..
#.#........
###........


You could see an adder and 2 goblins.

Vanquished Creatures
  A bat (D:1)
  3 endoplasms (D:1)
  8 goblins
  2 hobgoblins
  2 rats (D:1)
16 creatures vanquished.

Notes
Turn   | Place    | Note
-------+----------+-------------------------------------------
     0 | D:1      | javelincjr the Demonspawn Gladiator began the quest for the
                  | Orb.
     0 | D:1      | Reached XP level 1. HP: 16/16 MP: 1/1
   529 | D:1      | Gained mutation: You are partially covered in rugged brown
                  | scales. (AC +1, +3% HP) [demonic ancestry]
   529 | D:1      | Reached XP level 2. HP: 16/22 MP: 2/2
   817 | D:2      | Noticed Robin
   833 | D:2      | Slain by a goblin

Illustrated notes

Levels and vault maps discovered:
D:1:      mrwooster_arrival_arrow, layout_loops_ring, amethyst_killhole
D:2:      layout_loops_ring, ebering_ecumenical_altar_abandoned,
          hangedman_decor_growths, nicolae_houndstooth_variations, uniq_robin

Skill      XL: |  1 |
---------------+----+-----
Throwing       | 2 |  2.0
Fighting       | |  2.4
Polearms       | |  2.9
Armour         | |  0.2
Dodging        | |  2.9

Action                     || total
---------------------------++-------
  Melee: Trident           ||    54
   Stab: Sleeping          ||     1
 Armour: Leather armour    ||    32
  Dodge: Dodged            ||    44

Table legend: (Time is in decaauts)
 A = Elapsed time spent in this place.
 B = Non-inter-level travel time spent in this place.
 C = Inter-level travel time spent in this place.
 D = Time resting spent in this place.
 E = Time spent auto-exploring this place.
 F = Levels seen in this place.
 G = Mean time per level.
                   A        B        C        D        E       F      G
               +--------+--------+--------+--------+--------+-----+--------+
         Total |    841 |    812 |     29 |      0 |    697 |   2 |  420.5 |
       Dungeon |    841 |    812 |     29 |      0 |    697 |   2 |  420.5 |
               +--------+--------+--------+--------+--------+-----+--------+

Top non-repeatable levels by time:
     D:1: 804 daAuts
     D:2: 37 daAuts
